 Dungeon Crawl Stone Soup version 0.28-a0-751-gef3a642a4e (webtiles) character file.

Game seed: 10443948769373776194

20209 lawman0 the Thaumaturge (level 13, -5/92 HPs)
             Began as a Djinni Summoner on Oct 30, 2021.
             Was an Initiate of Gozag.
             Killed from afar by an ice dragon (20 damage)
             ... with a blast of cold
             ... on level 12 of the Dungeon.
             The game lasted 00:34:21 (14689 turns).

lawman0 the Thaumaturge (Djinni Summoner)          Turns: 14689, Time: 00:34:22

Health: -5/92      AC: 10    Str:  7    XL:     13   Next: 10%
Gold:   323        EV: 16    Int: 27    God:    Gozag SH:  6 Dex: 18

rFire   + + +      SeeInvis .   a - +4 scimitar
rCold   . . .      Faith    .   u - +0 buckler
rNeg    . . .      Spirit   .   F - +2 robe {Will+}
rPois   ∞          Reflect  .   J - +0 helmet
rElec   .          Harm     .   I - scarf {rC+ rF+}
rCorr   .          Rampage  .   Q - +0 pair of fencer's gloves {Riposte Dex+3}
Will    ++...                   (boots unavailable)
Stlth   +++.......              (no amulet)
HPRegen 0.25/turn               f - +4 ring of protection
MPRegen 0.00/turn               n - +6 ring of intelligence

@: about to teleport, flying
A: sickness immunity, fire resistance 2, cold vulnerability 1, float, innate
caster, hp casting, extra vitality 1
a: Renounce Religion, Potion Petition, Call Merchant, Bribe Branch


You were on level 12 of the Dungeon.
You worshipped Gozag.
Gozag was aware of your devotion.
You visited 2 branches of the dungeon, and saw 13 of its levels.

You collected 1868 gold pieces.
You spent 1208 gold pieces at shops.
You paid 337 gold pieces to Gozag.

Inventory:

Hand Weapons
 a - a +4 scimitar (weapon)
 M - a +2 scimitar of flaming
Missiles
 A - a throwing net
 O - 7 javelins
Armour
 u - a +0 buckler (worn)
 F - a +2 robe of willpower (worn)
 I - a scarf of resistance (worn)
 J - a +0 helmet (worn)
 Q - the +0 pair of fencer's gloves (worn) {Riposte Dex+3}
   (You bought it in a shop on level 7 of the Dungeon)

   It allows the wearer to riposte with melee weapons, swiftly retaliating
   against missed attacks.
   Dex:       It affects your dexterity (+3).
Magical Staves
 w - a staff of air
Jewellery
 e - a ring of resist corrosion
 f - a +4 ring of protection (left hand)
 n - a +6 ring of intelligence (right hand)
 o - a ring of willpower
 T - a ring of see invisible
Wands
 y - a wand of charming (14)
 z - a wand of flame (45)
 B - a wand of mindburst (24)
 G - a wand of paralysis (9)
 H - a wand of polymorph (7)
Scrolls
 b - 2 scrolls of enchant weapon
 j - 5 scrolls of enchant armour
 k - a scroll of silence
 q - a scroll of vulnerability
Potions
 d - 3 potions of brilliance
 h - a potion of attraction {unknown}
 l - 2 potions of might {unknown}
 r - 2 potions of haste {unknown}
 t - a potion of degeneration {unknown}
 C - a potion of magic {unknown}
 D - a potion of resistance {unknown}
 K - a potion of mutation {unknown}
 P - a potion of cancellation {unknown}
 R - a potion of invisibility {unknown}


   Skills:
 * Level 8.0 Fighting
 + Level 5.7 Long Blades
 + Level 6.9 Dodging
 + Level 4.0 Stealth
 + Level 5.4 Shields
 * Level 12.5 Spellcasting
 + Level 1.9 Evocations


You had 5 spell levels left.
You knew the following spells:

 Your Spells              Type           Power      Damage    Failure   Level
a - Summon Small Mammal   Summ           100%       N/A       1%          1
b - Call Imp              Summ           71%        N/A       1%          2
c - Call Canine Familiar  Summ           71%        N/A       1%          3
d - Summon Guardian Gole  Hex/Summ       71%        N/A       1%          3
e - Summon Lightning Spi  Summ/Air       71%        N/A       1%          4
f - Slow                  Hex            100%       N/A       1%          1
g - Corpse Rot            Necr/Air       100%       N/A       1%          2
h - Spider Form           Tmut/Pois      35%        N/A       1%          3
i - Iskenderun's Mystic   Conj/Tloc      71%        2d14      1%          4
j - Hailstorm             Conj/Ice       71%        3d15      1%          4
k - Iskenderun's Battles  Conj           71%        2d12      1%          5
Your spell library was empty.

Dungeon Overview and Level Annotations

Branches:
Dungeon (12/15)            Temple (1/1) D:6            Lair (0/6) D:11
    Orc (0/2) D:11

Altars:
Ashenzari
Cheibriados
Dithmenos
Elyvilon
Fedhas
Gozag
Hepliaklqana
Kikubaaqudgha
Makhleb
Nemelex Xobeh
Okawaru
Qazlal
Ru
Sif Muna
Trog
Uskayaw
Vehumet
Wu Jian
Xom
Yredelemnul
Zin
The Shining One

Shops:
D:4 =   D:6 =   D:7 [*   D:8 *

Portals:
Ice
Cave: D:12

Annotations:
D:8 exclusion: ice statue


Innate Abilities, Weirdness & Mutations

You are immune to sickness and miasma.
You are immune to poison.
Your flesh is very heat resistant. (rF++)
You are vulnerable to cold. (rC-)
You float through the air rather than walking.
You learn spells naturally, not from books.
Your magical power is your life essence.
You have superior vitality. (+4 HP)


Message History

The bolt of electricity hits the polar bear!
The polar bear dies!
The bolt of electricity hits your lightning spire.
Your lightning spire completely resists.
The bolt of electricity hits your lightning spire.
Your lightning spire completely resists.
Unknown command.
You see here a +2 glaive of flaming.
You see here a +0 dire flail.
You start resting.
Your lightning spire disappears in a puff of smoke!
You hear the steady crackling of a melting archway very nearby.
You now have 323 gold pieces (gained 26).
The ice dragon roars deafeningly!
Casting: Summon Lightning Spire (safe; 1% risk of failure)
Confirm with . or Enter, or press ? or * to list all spells.
An electric hum fills the air.
The ice dragon breathes frost at you. The blast of cold hits you!!!
Ouch! That really hurt!
* * * LOW HITPOINT WARNING * * *
Unknown command.
Casting: Summon Lightning Spire (safe; 1% risk of failure)
Confirm with . or Enter, or press ? or * to list all spells.
An electric hum fills the air.
* * * LOW HITPOINT WARNING * * *
Your lightning spire disappears in a puff of smoke!
Okay, then.
Okay, then.
You see here a +0 dire flail.
Okay, then.
You see here a +2 glaive of flaming.
Okay, then.
You feel better.
As you read the scroll of teleportation, it crumbles to dust.
You feel strangely unstable. The ice dragon breathes frost at you.
The blast of cold hits you!!
You die...
Your body crumbles into a pile of gold.

### #.# ######.#
#8D@...# ***********
#.####.#####
,,,,,,,,,,*
##.###.....#########
***********
##D##...........z§.
#.###.......#.#####
*** *#.* ##........#
*,* *.D***#####..#.#
*,* ##.,,*#....>.#.#
*,*
**..,**##.#...#.#


You could see an ice dragon (catching breath, ally target) and a friendly
lightning spire (summoned).

Vanquished Creatures
  A deep elf zephyrmancer (D:9)
  A polar bear (D:12)
  A wyvern (D:11)
  A yak (D:10)
  2 centaurs (D:10)
  2 phantoms
  A kobold brigand (D:7)
  A bullfrog (D:9)
  A killer bee (D:9)
  3 wights (D:9)
  2 electric eels
  A howler monkey (D:7)
  2 centaur zombies
  2 hounds
  A gnoll shaman (D:4)
  An iron imp (D:7)
  Terence (D:3)
  2 orc wizards (D:4)
  A hound skeleton (D:4)
  3 adders
  2 gnolls
  A shadow imp (D:3)
  An adder skeleton (D:4)
  A dart slug (D:5)
  7 orcs
  An endoplasm (D:4)
  A giant cockroach (D:4)
  5 hobgoblins
  2 jackals (D:2)
  A quokka (D:3)
  3 ball pythons
  A bat (D:1)
  A frilled lizard (D:1)
  10 kobolds
  A rat (D:1)
68 creatures vanquished.

Vanquished Creatures (collateral kills)
  A hydra (D:12)
  A two-headed ogre (D:9)
  Erica (D:10)
  Urug (D:10)
  7 skeletal warriors
  Pikel (D:6)
  A deep elf pyromancer (D:9)
  An ugly thing (D:12)
  2 centaur zombies (D:11)
  Joseph (D:7)
  An elephant (D:11)
  Maggie (D:8)
  Psyche (D:10)
  2 trolls
  A polar bear (D:12)
  2 hornets (D:9)
  A vampire (D:9)
  A wraith (D:11)
  9 yaks
  Eustachio (D:5)
  2 basilisks (D:11)
  A warg (D:11)
  A water moccasin (D:5)
  An acid dragon (D:11)
  4 ice beasts
  A black bear (D:8)
  5 orc warriors
  2 wolves (D:12)
  An ogre (D:4)
  4 centaurs
  2 lemures (D:6)
  A bullfrog (D:9)
  A gnoll sergeant (D:11)
  A scorpion (D:4)
  A wyvern zombie (D:6)
  2 killer bees (D:9)
  12 wights
  A howler monkey (D:9)
  2 hounds
  3 orc priests
  A centaur skeleton (D:6)
  2 iguanas
  10 orc wizards
  A bullfrog skeleton (D:6)
  A howler monkey zombie (D:10)
  6 gnolls
  An adder (D:6)
  2 worms (D:2)
  22 orcs
  2 ball pythons
  5 endoplasms
  3 goblins
  A hobgoblin (D:1)
  2 jackals (D:2)
  2 quokkas
  3 bats
  2 frilled lizards
  6 kobolds
  A rat (D:1)
158 creatures vanquished.

Vanquished Creatures (others)
  3 skeletal warriors (D:7)
  A troll (D:8)
  Prince Ribbit (D:7)
  3 ogres
  A kobold brigand (D:4)
  An orc priest (D:9)
  An iguana (D:4)
  A gnoll (D:4)
  A shadow imp (D:7)
  An orc (D:8)
  A fungus (D:11)
  A plant (D:11)
16 creatures vanquished.

Grand Total: 242 creatures vanquished

Notes
Turn   | Place    | Note
-------+----------+-------------------------------------------
     0 | D:1      | lawman0 the Djinni Summoner began the quest for the Orb.
     0 | D:1      | Reached XP level 1. HP: 15/15 MP: 0/0
   431 | D:1      | Reached XP level 2. HP: 17/22 MP: 0/0
  1334 | D:2      | Reached XP level 3. HP: 21/26 MP: 0/0
  1334 | D:2      | Learned a level 1 spell: Slow
  1439 | D:2      | Reached skill level 4 in Spellcasting
  2200 | D:2      | Reached XP level 4. HP: 29/31 MP: 0/0
  2468 | D:3      | Noticed Terence
  2487 | D:3      | Killed Terence
  2488 | D:3      | Reached skill level 1 in Fighting
  2912 | D:3      | Reached XP level 5. HP: 37/37 MP: 0/0
  2912 | D:3      | Learned a level 2 spell: Corpse Rot
  2945 | D:3      | Found a shimmering altar of Xom.
  3581 | D:4      | Noticed a kobold brigand
  3609 | D:4      | Killed a kobold brigand
  3610 | D:4      | Reached XP level 6. HP: 40/43 MP: 0/0
  3868 | D:4      | Reached skill level 5 in Spellcasting
  4051 | D:4      | Reached XP level 7. HP: 32/49 MP: 0/0
  4051 | D:4      | Learned a level 3 spell: Spider Form
  4201 | D:4      | Found Vapuu's Jewellery Emporium.
  4428 | D:4      | Reached skill level 1 in Shields
  4433 | D:4      | Found an iron altar of Okawaru.
  4861 | D:5      | Entered Level 5 of the Dungeon
  4868 | D:5      | Noticed a water moccasin
  4885 | D:5      | Killed a water moccasin
  4886 | D:5      | Reached skill level 6 in Spellcasting
  4886 | D:5      | Reached XP level 8. HP: 43/56 MP: 0/0
  5279 | D:5      | Noticed Eustachio
  5294 | D:5      | Killed Eustachio
  5501 | D:6      | Found Sipock's Jewellery Boutique.
  5503 | D:6      | Noticed Pikel
  5525 | D:6      | Killed Pikel
  5526 | D:6      | Reached skill level 7 in Spellcasting
  5526 | D:6      | Reached XP level 9. HP: 29/62 MP: 0/0
  5526 | D:6      | Learned a level 4 spell: Iskenderun's Mystic Blast
  6117 | D:6      | Found a white marble altar of Elyvilon.
  6179 | D:6      | Reached skill level 8 in Spellcasting
  6268 | D:6      | Found a staircase to the Ecumenical Temple.
  6447 | Temple   | Entered the Ecumenical Temple
  7011 | D:7      | Found Xayr Him's Antique Armour Boutique.
  7021 | D:7      | Bought an embroidered scarf for 192 gold pieces
  7045 | D:7      | Noticed Joseph
  7130 | D:7      | Found an opulent altar of Gozag.
  7135 | D:7      | Found Gozag's Platinum Reserve.
  7140 | D:7      | Became a worshipper of Gozag Ym Sagoz the Greedy
  7317 | D:7      | Reached skill level 5 in Dodging
  7363 | D:7      | Killed Joseph
  7364 | D:7      | Reached skill level 1 in Long Blades
  7364 | D:7      | Reached XP level 10. HP: 28/69 MP: 0/0
  7640 | D:7      | Reached skill level 5 in Fighting
  7775 | D:7      | Noticed a skeletal warrior
  7811 | D:7      | Killed a skeletal warrior
  7812 | D:7      | Reached skill level 9 in Spellcasting
  7828 | D:7      | Noticed a skeletal warrior
  7830 | D:7      | Noticed a skeletal warrior
  7835 | D:7      | Noticed a skeletal warrior
  7838 | D:7      | Noticed a skeletal warrior
  7845 | D:7      | Killed a skeletal warrior
  7884 | D:7      | Killed a skeletal warrior
  7917 | D:7      | Killed a skeletal warrior
  7918 | D:7      | Reached skill level 1 in Evocations
  7970 | D:7      | Killed a skeletal warrior
  7971 | D:7      | Reached XP level 11. HP: 67/76 MP: 0/0
  7971 | D:7      | Learned a level 4 spell: Hailstorm
  8136 | D:7      | Noticed Prince Ribbit
  8151 | D:7      | Killed Prince Ribbit
  8277 | D:7      | Found a snail-covered altar of Cheibriados.
  8333 | D:8      | Found Hoqerch's Assorted Antiques.
  8349 | D:8      | Bought an emerald potion for 28 gold pieces
  8349 | D:8      | Bought a dark potion for 28 gold pieces
  8454 | D:8      | Reached skill level 5 in Shields
  8721 | D:8      | Noticed Maggie
  8730 | D:8      | Killed Maggie
  8731 | D:8      | Reached skill level 10 in Spellcasting
 10050 | D:9      | Found a sparkling altar of Nemelex Xobeh.
 10351 | D:9      | Noticed a two-headed ogre
 10356 | D:9      | Noticed a deep elf zephyrmancer
 10363 | D:9      | Killed a two-headed ogre
 10382 | D:9      | Killed a deep elf zephyrmancer
 10382 | D:9      | Noticed a deep elf pyromancer
 10401 | D:9      | Killed a deep elf pyromancer
 10668 | D:9      | Reached skill level 11 in Spellcasting
 11681 | D:10     | Entered Level 10 of the Dungeon
 11866 | D:10     | Found a broken altar of Ashenzari.
 11933 | D:10     | Noticed Psyche
 11945 | D:10     | Killed Psyche
 11946 | D:10     | Reached XP level 12. HP: 82/84 MP: 0/0
 11983 | D:10     | Noticed Erica
 12200 | D:10     | Killed Erica
 12503 | D:10     | Noticed Urug
 12515 | D:10     | Killed Urug
 12915 | D:10     | Found a glowing silver altar of Zin.
 13128 | D:7      | Bought the +0 pair of fencer's gloves {Riposte Dex+3} for
                  | 960 gold pieces
 13128 | D:7      | Found the +0 pair of fencer's gloves {Riposte Dex+3}
 13138 | D:7      | CLAP
 13138 | D:7      | CLAP
 13599 | D:11     | Found a staircase to the Orcish Mines.
 13613 | D:11     | Found a staircase to the Lair.
 13706 | D:11     | Reached skill level 5 in Long Blades
 14370 | D:12     | Noticed a five-headed hydra
 14387 | D:12     | Noticed a skeletal warrior
 14392 | D:12     | Killed a five-headed hydra
 14393 | D:12     | Reached skill level 12 in Spellcasting
 14399 | D:12     | Noticed a skeletal warrior
 14406 | D:12     | Killed a skeletal warrior
 14407 | D:12     | Noticed a skeletal warrior
 14409 | D:12     | Noticed a skeletal warrior
 14413 | D:12     | Noticed a skeletal warrior
 14453 | D:12     | Killed a skeletal warrior
 14458 | D:12     | Killed a skeletal warrior
 14471 | D:12     | Found a frozen archway.
 14471 | D:12     | Noticed an ice dragon
 14549 | D:12     | Killed a skeletal warrior
 14575 | D:12     | Killed a skeletal warrior
 14576 | D:12     | Reached XP level 13. HP: 37/92 MP: 0/0
 14576 | D:12     | Learned a level 5 spell: Iskenderun's Battlesphere
 14689 | D:12     | Killed from afar by an ice dragon

Illustrated notes

####### #.....# #######.###.#
##### #.......# #.#####....
##.###...###.......### #####
##...##.#.....###...).# ##...##
##.......###.#####.....#
#.....###......@## #............
#................#########..)..#
#.....###...........[.# #>....#
##...## #.........###.# ###.#.#
##.## #.#...#.#.###.#####....#
#.# #.##.##.#............).. #.#
#.##.##.#..####'#######' #.#
#.##.##.#.###.....###... #>#
#.##......####.....###..


Turn 13138 on D:7: CLAP

Levels and vault maps discovered:
D:1:      onia_arrival_mini_maze, layout_rooms, minmay_octomino_j4
D:2:      layout_basic, kennysheep_generic_room_4
D:3:      layout_rooms, amcnicky_altar_gilded, uniq_terence
D:4:      layout_loops_corners, okawaru_metal_pillars_1_2, serial_shops,
          nicolae_shop_crystal
D:5:      layout_rooms, nicolae_sif_muna_little_library, uniq_eustachio
D:6:      layout_rooms, mainiacjoe_overflow_alcove_4, minmay_temple_entry_tees,
          serial_shops, nicolae_shop_temple_entry_statues_fountains, uniq_pikel
D:7:      layout_loops_ring, slow_altar_2, nicolae_gozag_zags_fifth_avenue,
          serial_shops, shop, minmay_quadrilaterals, uniq_joseph,
          uniq_prince_ribbit1
D:8:      statuecave_lemuel, layout_basic, serial_shops, shop, uniq_maggie
D:9:      nzn_winding_woodlands_small [nzn_winding_woodlands_5x15_zeroes,
          nzn_winding_woodlands_center_diamonds,
          nzn_winding_woodlands_5x15_river_crossing], layout_loops_ring,
          kennysheep_mini_moat
D:10:     layout_basic, lemuel_coloured_pillars_altar,
          nicolae_overflow_hidden_temple, uniq_psyche, uniq_erica, uniq_urug
D:11:     layout_cave_pools, david_lair_generic, david_orc_3
D:12:     layout_basic, portal_ice_cave_entry_animals_and_master
Temple:   nicolae_temple_figure_eight

Skill      XL: |  1  2  3  4  5  6  7  8  9 10 11 12 13 |
---------------+----------------------------------------+-----
Spellcasting   | 4 5 6 7 8 9 11 12 | 12.5
Fighting       | 1 2 3 4 5 6 7 8 |  8.0
Dodging        | 3 4 5 6 |  6.9
Stealth        | 2 3 4 |  4.0
Shields        | 1 2 3 4 5 |  5.4
Long Blades    | 1 2 3 5 |  5.7
Evocations     | 1 |  1.9

Action                   |  1- 3 |  4- 6 |  7- 9 | 10-12 | 13-15 || total
-------------------------+-------+-------+-------+-------+-------++-------
Melee: Unarmed           |     3 |       |       |       |       ||     3
       Whip              |    51 |    76 |    45 |       |       ||   172
       Mace              |    11 |       |       |       |       ||    11
       Falchion          |       |       |    26 |    22 |       ||    48
       Scimitar          |       |       |       |    97 |     8 ||   105
 Cast: Summon Small Mamm |    22 |     4 |       |       |       ||    26
       Call Imp          |    13 |     3 |       |     1 |       ||    17
       Summon Guardian G |       |    11 |    18 |    24 |       ||    53
       Call Canine Famil |       |     9 |     9 |    11 |       ||    29
       Corpse Rot        |       |     1 |     2 |       |       ||     3
       Slow              |       |       |     2 |       |       ||     2
       Summon Lightning  |       |       |    20 |    58 |     7 ||    85
       Iskenderun's Myst |       |       |       |     8 |       ||     8
       Hailstorm         |       |       |       |     1 |       ||     1
Invok: Potion Petition   |       |       |       |       |     1 ||     1
Evoke: Wand              |       |       |     4 |    13 |       ||    17
  Use: Scroll            |       |     4 |     1 |    13 |     1 ||    19
       Potion            |       |     2 |     1 |     4 |     1 ||     8
 Stab: Sleeping          |     1 |       |     1 |       |       ||     2
       Distracted        |       |     1 |     2 |     2 |       ||     5
Armor: Robe              |    45 |    38 |    25 |    46 |     3 ||   157
Dodge: Dodged            |    72 |    62 |    64 |   118 |     6 ||   322
Block: Buckler           |       |     1 |    27 |    42 |     2 ||    72
       Rpst.: Scimitar   |       |       |       |     9 |     1 ||    10

Table legend: (Time is in decaauts)
 A = Elapsed time spent in this place.
 B = Non-inter-level travel time spent in this place.
 C = Inter-level travel time spent in this place.
 D = Time resting spent in this place.
 E = Time spent auto-exploring this place.
 F = Levels seen in this place.
 G = Mean time per level.
                   A        B        C        D        E       F      G
               +--------+--------+--------+--------+--------+-----+--------+
         Total |  14747 |  14157 |    590 |   1947 |   9281 |  13 | 1134.4 |
       Dungeon |  14539 |  13967 |    572 |   1947 |   9093 |  12 | 1211.6 |
        Temple |    207 |    189 |     18 |      0 |    188 |   1 |  207.0 |
               +--------+--------+--------+--------+--------+-----+--------+

Top non-repeatable levels by time:
     D:8: 1812 daAuts
     D:9: 1791 daAuts
     D:7: 1701 daAuts
     D:4: 1623 daAuts
    D:10: 1419 daAuts
     D:2: 1314 daAuts
     D:1: 1030 daAuts
     D:6: 984 daAuts
     D:3: 909 daAuts
    D:11: 902 daAuts
     D:5: 633 daAuts
    D:12: 415 daAuts
  Temple: 207 daAuts
